 Dungeon Crawl Stone Soup version 0.27.0-1-g7a089689b8 (webtiles) character file.

Game seed: 1192407435839116314

57 fiver49 the Chucker (level 3, -1/28 HPs)
             Began as a Vampire Hunter on Aug 3, 2021.
             Killed from afar by Natasha (10 damage)
             ... with a puff of flame
             ... on level 2 of the Dungeon.
             The game lasted 00:02:07 (1476 turns).

fiver49 the Chucker (Vampire Hunter)                Turns: 1476, Time: 00:02:08

Health: -1/28      AC:  6    Str: 12    XL:     3   Next: 73%
Magic:  3/3        EV: 11    Int: 13    God:
Gold:   74         SH:  0    Dex: 14    Spells: 2/2 levels left

rFire    . . .     SeeInvis +   a - +0 short sword
rCold    . . .     Faith    .   (no shield)
rNeg     . . .     Spirit   .   e - +0 ring mail
rPois    .         Reflect  .   (no helmet)
rElec    .         Harm     .   (no cloak)
rCorr    .         Rampage  .   f - +0 pair of gloves
Will     .....                  (no boots)
Stlth    ++........             (no amulet)
HPRegen  0.29/turn              (no ring)
MPRegen  0.08/turn              (no ring)

@: healing quickly
A: alive, fangs 3, see invisible, vampiric 2
a: Exsanguinate


You were on level 2 of the Dungeon.
You visited 1 branch of the dungeon, and saw 2 of its levels.

You collected 74 gold pieces.

Inventory:

Hand Weapons
 a - a +0 short sword (weapon)
Missiles
 c - 6 javelins
 d - 2 throwing nets
 l - 16 poisoned darts (quivered)
Armour
 b - a +0 leather armour
 e - a +0 ring mail (worn)
 f - a +0 pair of gloves (worn)
Scrolls
 g - a scroll of fear {unknown}
 h - 2 scrolls of identify {unknown}
 j - a scroll of magic mapping {unknown}
 m - a scroll of silence {unknown}
 o - 2 scrolls of immolation {unknown}
 p - a scroll of teleportation {unknown}
Potions
 i - a potion of lignification {unknown}
 k - a potion of brilliance {unknown}
 n - a potion of flight {unknown}


   Skills:
 + Level 2.3 Fighting
 + Level 3.5 Throwing
 + Level 3.0 Dodging
 + Level 3.2 Stealth


You had 2 spell levels left.
You didn't know any spells.
Your spell library contained the following spells:

 Spells                   Type           Power      Damage    Failure   Level
 Ensorcelled Hibernation  Hex/Ice        0%         N/A       71%         2
 Spider Form              Tmut/Pois      0%         N/A       91%         3
 Shadow Creatures         Summ           N/A        N/A       100%        6


Dungeon Overview and Level Annotations

Branches:
Dungeon (2/15)

Altars:

Annotations:
D:2 Natasha


Innate Abilities, Weirdness & Mutations

Your natural rate of healing is accelerated.
You have razor-sharp teeth.
You have supernaturally acute eyesight. (SInv)
You are afflicted with vampirism and can become a bat while bloodless.


Message History

The quokka closely misses you. The quokka bites you.
You closely miss the quokka.
The quokka is severely wounded.
The quokka bites you but does no damage.
You closely miss the quokka.
The quokka is severely wounded.
Natasha, Servant of Life and Death comes into view.
She is carrying a wand of flame (23).
The quokka bites you but does no damage.
Natasha moves out of view.
You hit the quokka but do no damage.
The quokka is severely wounded.
The quokka bites you.
You hit the quokka but do no damage.
The quokka is severely wounded.
The quokka closely misses you.
The quokka bites you but does no damage.
Natasha hisses angrily.
You hit the quokka.
You kill the quokka!
An orc comes into view. It is wielding a +0 whip.
The orc shouts!
Natasha zaps a wand.
The puff of flame hits you. Natasha casts a spell at you.
The magic dart hits you. Natasha closely misses you.
You barely miss Natasha. Natasha misses you.
You hit Natasha. Your bite misses Natasha.
Natasha is lightly wounded.
Natasha barely misses you. Natasha closely misses you.
You closely miss Natasha.
Natasha is lightly wounded.
Natasha casts a spell.
You barely miss Natasha.
Natasha is lightly wounded.
The orc hits you with a +0 whip.
Natasha zaps a wand.
The puff of flame hits you!
* * * LOW HITPOINT WARNING * * *
The orc loudly roars encouragement to no one in particular.
Natasha zaps a wand.
The puff of flame hits you!
You die...

#.##.#.<..รท......#
#>##.######...##.#
###.##.#
#....#......
#......#
#.###.#####.#
#.###..###!# #.# .#
#.# #...... ... #
####5###............
#........####.###..#
#.#####h@....... #
#.o####.## #..# #.##
#.# #.o.....#
##.....## #.....
#.....


You could see Natasha, a crimson imp (summoned) and an orc.

Vanquished Creatures
  2 dart slugs
  5 ball pythons
  3 endoplasms (D:1)
  5 hobgoblins
  4 jackals (D:1)
  8 kobolds
  3 quokkas
  A bat (D:1)
  8 rats
39 creatures vanquished.

Vanquished Creatures (others)
  Natasha (D:2)
  14 plants (D:1)
15 creatures vanquished.

Grand Total: 54 creatures vanquished

Notes
Turn   | Place    | Note
-------+----------+-------------------------------------------
     0 | D:1      | fiver49 the Vampire Hunter began the quest for the Orb.
     0 | D:1      | Reached XP level 1. HP: 16/16 MP: 1/1
   151 | D:1      | Reached XP level 2. HP: 22/22 MP: 2/2
   662 | D:1      | Found a faded altar of an unknown god.
   896 | D:1      | Gained mutation: You are afflicted with vampirism and can
                  | become a bat while bloodless. [Vampire growth]
   896 | D:1      | Reached XP level 3. HP: 17/27 MP: 3/3
  1317 | D:2      | Noticed Natasha
  1326 | D:2      | Killed Natasha
  1464 | D:2      | Noticed Natasha
  1476 | D:2      | Killed from afar by Natasha

Illustrated notes

Levels and vault maps discovered:
D:1:      psy_arrival_conway, layout_basic,
          ebering_ecumenical_altar_sacrificial, lexackson_kobold_supper
D:2:      layout_loops_ring, uniq_natasha

Skill      XL: |  1  2  3 |
---------------+----------+-----
Stealth        | 2 3 |  3.2
Fighting       | 2 |  2.3
Dodging        | 3 |  3.0
Throwing       | |  3.5

Action                   || total
-------------------------++-------
Melee: Short sword       ||   140
       Bite              ||    15
Throw: Dart              ||     1
 Stab: Sleeping          ||     2
Armor: Ring mail         ||    52
Dodge: Dodged            ||    65
